[Event "Early-Titled-Tuesday-Blitz-October-03-2023"]
[Site "Chess.com"]
[Date "2023.10.03"]
[Round "1"]
[White "TheoSlade"]
[Black "AvitalBor"]
[Result "0-1"]
[WhiteElo "2486"]
[BlackElo "2869"]
[TimeControl "180+1"]
[EndTime "8:08:41 PDT"]
[Termination "AvitalBor won by checkmate"]

1. d4 c5 2. d5 g6 3. e4 Bg7 4. c4 d6 5. Be2 Nf6 6. Nc3 b5 7. cxb5 a6 8. Nf3 O-O 9. O-O axb5 10. Bxb5 Ba6 11. Qe2 Qb6 12. a4 Bxb5 13. Nxb5 Na6 14. Nd2 Nd7 15. Nc4 Qb8 16. Bd2 Nc7 17. Nxc7 Qxc7 18. Bc3 Rfb8 19. Qc2 Ra6 20. Rfb1 Qa7 21. Bxg7 Kxg7 22. Qc3+ Kg8 23. b3 Rb4 24. h3 Qb7 25. Ra3 Raxa4 26. Rxa4 Rxa4 27. bxa4 Qxb1+ 28. Kh2 Qxe4 29. a5 Qxd5 30. a6 Qa8 31. Qa5 Nb8 32.
a7 Nc6 33. Qc7 Nxa7 34. Qxe7 Nb5 35. Nb6 Qf8 36. Qd7 Nc3 37. Qc7 h5 38. Nd7 Qe7 39.
Qb8+ Kg7 40. Nb6 d5 41. Nc8 Qe6 42. Qc7 c4 43. Ne7 d4 44. Qd8 d3 45. Qg8+ Kf6 46.
Nc8 Qe5+ 47. g3 Ne4 48. Qh8+ Kf5 49. Qf8 Qe6 50. Ne7+ Ke5 51. Qb8+ Kd4 52. Qa7+ Kc3 53. Qa3+ Kd2 54. Qb2+ Kd1 55. Qb1+ Ke2 56. Qb2+ d2 57. Ng8 c3 58. Qc2 Nxf2 59. Nh6 Nd3 60. Kg1 Qe3+ 61.
Kg2 Qf2+ 62. Kh1 Qe1+ 63. Kg2 Qf1+ 64. Kh2 Nf2 65. g4 Qxh3+ 66. Kg1 Qh1# 0-1

[Event "Early-Titled-Tuesday-Blitz-October-03-2023"]
[Site "Chess.com"]
[Date "2023.10.03"]
[Round "1"]
[White "PeshkaCh"]
[Black "Rosh1610"]
[Result "1/2-1/2"]
[WhiteElo "2795"]
[BlackElo "2462"]
[TimeControl "180+1"]
[EndTime "8:08:42 PDT"]
[Termination "Game drawn by repetition"]

1. Nf3 d5 2. d4 Nf6 3. c4 e6 4. Nc3 c5 5. cxd5 Nxd5 6. e4 Nxc3 7. bxc3 cxd4 8. cxd4 Bb4+ 9. Bd2 Bxd2+ 10. Qxd2 O-O 11. Bc4 b6 12. O-O Bb7 13. d5 exd5 14. exd5 Nd7 15. Rad1 Rc8 16. Bb3 Nc5 17. Bc2 h6 18. Rfe1 Qd6 19.
Ne5 b5 20. Bb1 Rfe8 21. Qf4 f6 22. Ng6 Qxd5 23. Qg3 Rcd8 24. Rc1 Rxe1+ 25. Rxe1 Qd1 26. Qe3 Qd2 27. Qe7 Be4 28. Rf1 Bxb1 29. Rxb1 Qd1+ 30.
Qe1 Qxe1+ 31. Rxe1 Kf7 32. Nf4 Rd4 33. g3 Ra4 34. Rc1 Ne6 35. Nd5 Rxa2 36. Nc3 Rb2 37. Ra1 b4 38. Rxa7+ Kg6 39. Nd5 Rb1+ 40. Kg2 b3 41. Rb7 Nc5 42. Nf4+ Kh7 43. Rb5 Na4 44. Rb4 Nc3 45. h4 Nd1 46. Rb7 b2 47. Nd3 Kg8 48. Rb4 Kf7 49. Kf3 Ke6 50. Ke2 Kd5 51. Kd2 Ra1 52. Nxb2 Nxb2 53. Rxb2 Ra7 54. Ke2 Re7+ 55.
Kf3 Ke6 56. Re2+ Kf7 57. Rxe7+ Kxe7 58. Ke4 h5 59. Kd5 Kd7 60. f3 g6 61. f4 f5 62. Ke5 Ke7 63. Kd5 Kd7 64. Ke5 Ke7 65. Kd5 Kd7 1/2-1/2

[Event "Early-Titled-Tuesday-Blitz-October-03-2023"]
[Site "Chess.com"]
[Date "2023.10.03"]
[Round "1"]
[White "Elbebiber"]
[Black "The_Sherman_Variation"]
[Result "0-1"]
[WhiteElo "2152"]
[BlackElo "2549"]
[TimeControl "180+1"]
[EndTime "8:08:42 PDT"]
[Termination "The_Sherman_Variation won by resignation"]

1. d4 Nf6 2. Bg5 g6 3. Bxf6 exf6 4. e3 Bg7 5. Nf3 O-O 6. Be2 d5 7. O-O c6 8. c4 dxc4 9. Bxc4 f5 10. Nc3 Nd7 11. Re1 Nb6 12. Bb3 Qd6 13. Rc1 Be6 14.
Qc2 Rad8 15. Red1 Bd5 16. Nxd5 Nxd5 17. Bxd5 Qxd5 18. b3 Rfe8 19. Qc5 Qxc5 20. Rxc5 Re7 21. Kf1 Red7 22. g3 Rd5 23. Rdc1 Kf8 24. Ke2 Ke7 25.
R1c2 Ke6 26. Rc1 Bf6 27. R1c2 Rxc5 28. Rxc5 Rd5 29. Rxd5 Kxd5 30. Kd3 c5 31. dxc5 Kxc5 32. Nd2 Kb4 33. Kc2 Ka3 34. Kb1 b5 35. f3 a5 36. e4 Bc3 37. Nf1 fxe4 38. fxe4 Bd4 39. g4 h5 40. gxh5 gxh5 41. h3 h4 42. Nh2 Bf2 43. Nf3 Bg3 44. Nd4 Kb4 45. Kc2 Kc5 46.
Nf5 f6 47. Kd3 a4 48. bxa4 bxa4 49. Ne3 Kb4 50. Kc2 Be5 51. Ng4 Kc4 52. Nh6 Kd4 53.
Nf5+ Kxe4 54. Nxh4 f5 55. Kd2 a3 56. Ng6 f4 57. Ke2 f3+ 58. Kf1 Bd4 59. h4 Kd3 60. h5 Kc2 61. Nh4 Kb2 62. Nxf3 Bf6 63. Ke2 Kxa2 64.
Nd2 Bg5 65. Nc4 Kb3 66. Kd3 a2 67. Na5+ Kb2 68. Nc4+ Kc1 69. Na5 Kb2 70. Nc4+ Kb1 71. Na3+ Kc1 72. Nc2 Bf6 73. h6 Bh8 74. h7 Bg7 75. Nd4 Bxd4 76. Kxd4 a1=Q+ 0-1

[Event "Early-Titled-Tuesday-Blitz-October-03-2023"]
[Site "Chess.com"]
[Date "2023.10.03"]
[Round "1"]
[White "Fantastic_Power"]
[Black "Dr_crypt"]
[Result "1-0"]
[WhiteElo "2761"]
[BlackElo "2434"]
[TimeControl "180+1"]
[EndTime "8:08:52 PDT"]
[Termination "Fantastic_Power won on time"]

1. e4 d5 2. exd5 Qxd5 3. Nc3 Qd6 4. d4 c6 5. Bc4 Nf6 6. Nge2 Bg4 7. f3 Bf5 8. Bf4 Qb4 9. Bd3 Bxd3 10. Qxd3 e6 11. O-O-O Nbd7 12. g4 Qa5 13. Kb1 Nd5 14. Nxd5 cxd5 15.
h4 Be7 16. g5 O-O 17. h5 Qa6 18. Qe3 Nb6 19. b3 Qb5 20. g6 Nc4 21. gxf7+ Rxf7 22. Qxe6 Re8 23. Nc3 Na3+ 24. Kb2 Qc6 25. Qxc6 bxc6 26. Be5 Rxf3 27. Rdg1 Rf7 28. h6 g6 29. Ne2 Nb5 30. Nf4 Ba3+ 31. Ka1 Rxe5 32. Nxg6 Re2 33. Nf4+ Kf8 34. Nxe2 Re7 35. Nf4 Bb4 36. a4 Bc3+ 37. Ka2 Nxd4 38. Rg2 Nf5 39. Nd3 Rf7 40. Rf2 Bd4 41. Rf4 Be3 42. Rf3 Bxh6 43. Rxf5 Rxf5 44.
Rxh6 Kg7 45. Rxc6 h5 46. Rc7+ Kg6 47. Rxa7 h4 48. Ra8 h3 49. Rg8+ Kh5 50. Rh8+ Kg4 51. a5 Kg3 52. a6 Rf6 53. Nc5 Rc6 54. a7 Rxc5 55. a8=Q Rxc2+ 56. Ka3 h2 57. Qg8+ Kf4 58. Qb8+ Ke4 59. Rxh2 Rc3 60. Qe8+ Kd4 61. Rh4+ Kc5 62. Qc8+ Kd6 63. Qxc3 1-0

[Event "Early-Titled-Tuesday-Blitz-October-03-2023"]
[Site "Chess.com"]
[Date "2023.10.03"]
[Round "1"]
[White "Fore_Man"]
[Black "GeorgiosSouleidis"]
[Result "0-1"]
[WhiteElo "2264"]
[BlackElo "2603"]
[TimeControl "180+1"]
[EndTime "8:08:55 PDT"]
[Termination "GeorgiosSouleidis won by resignation"]

1. Nf3 Nf6 2. c4 g6 3. d4 Bg7 4. e3 O-O 5. Nc3 d6 6. Bd3 Nbd7 7. O-O e5 8. d5 Nc5 9. Bc2 a5 10. e4 Ne8 11. Bg5 f6 12. Bh4 g5 13. Bg3 h6 14.
h4 Bg4 15. hxg5 fxg5 16. a3 h5 17. b4 Na6 18. Rb1 h4 19. Bh2 h3 20. Re1 hxg2 21.
Re3 Qf6 22. Kxg2 Bh6 23. Bg3 Ng7 24. Bd3 Nh5 25. Be2 Nf4+ 26. Bxf4 gxf4 27. Rd3 axb4 28. axb4 Kh7 29. Kf1 Rg8 30. Ke1 Nb8 31. Kd2 Nd7 32. Kc2 Nb6 33. Kb3 Bh5 34. Rd2 Ra7 35. Nb5 Raa8 36. Ra1 Rxa1 37. Qxa1 Rg7 38. Qa5 Qd8 39.
c5 Nc8 40. Qa8 Bxf3 41. Bxf3 Qd7 42. Na7 Nxa7 43. Qxa7 dxc5 44. Qxc5 b6 45. Qc6 Bg5 46. b5 Qxc6 47. dxc6 Be7 48. Rd7 Bc5 49. Rd2 Bd4 50.
Kc4 Rg1 51. Rxd4 exd4 52. Kxd4 Rf1 53. e5 Kg7 54. Ke4 Rxf2 55. Kxf4 Rb2 56. Kf5 Kf7 57. Bd5+ Ke7 58. Bc4 Rb4 59. Bd3 Rd4 60. Be2 Rd2 61. Bc4 Rf2+ 62. Ke4 Rc2 63. Kd3 Rc1 64. Kd4 Re1 65. Bd5 Rd1+ 66. Ke4 Rb1 67. Bc4 Re1+ 68. Kd4 Rh1 69. Kd5 Rh4 70. Bd3 Rb4 71. Be2 Rh4 72. Bd3 Rf4 73. Bc4 Rg4 74. Bd3 Rg8 75. Bc4 Rd8+ 76. Ke4 Rd1 77. Bd3 Rc1 78. Kd4 Rc5 79.
Bc4 Ke8 80. Bd3 Kf8 81. Bc4 Ke7 82. Bd3 Ke6 83. Bh7 Rd5+ 84. Kc4 Rxe5 85. Bg8+ Kd6 86. Bh7 Rh5 87. Bd3 Rh4+ 88. Kc3 Kc5 89. Bf1 Rf4 90. Be2 Rf2 91. Bd3 Rh2 92. Kb3 Rh3 93. Kc3 Rxd3+ 94. Kxd3 Kxb5 0-1

[Event "Early-Titled-Tuesday-Blitz-October-03-2023"]
[Site "Chess.com"]
[Date "2023.10.03"]
[Round "1"]
[White "Tssunami"]
[Black "Diaschess88"]
[Result "0-1"]
[WhiteElo "2395"]
[BlackElo "2705"]
[TimeControl "180+1"]
[EndTime "8:09:00 PDT"]
[Termination "Diaschess88 won by checkmate"]

1. d4 Nf6 2. c4 g6 3. Nc3 d5 4. cxd5 Nxd5 5. e4 Nxc3 6. bxc3 Bg7 7. Nf3 c5 8. Bb5+ Nc6 9. O-O O-O 10. Bxc6 bxc6 11.
Qc2 Qa5 12. Be3 Ba6 13. Rfd1 Rfd8 14. Ne5 Qc7 15. Bf4 Qc8 16. Rab1 Qe6 17. Bg3 h5 18. h3 Rac8 19. Qa4 Bb5 20. Qa3 cxd4 21. cxd4 a6 22. Rbc1 Bf6 23. h4 Kg7 24. Qb2 c5 25. d5 Qd6 26. f4 c4 27. Bf2 e6 28. Bd4 exd5 29.
Nd7 Rxd7 30. e5 Qe6 31. exf6+ Kh7 32. Qf2 Qf5 33. Re1 Rdc7 34. Rc3 Bd7 35. Re7 Be6 36.
Be5 Rxe7 37. fxe7 Re8 38. Qc5 Qb1+ 39. Kh2 Qe1 40. Bf6 Qe4 41. Qd4 Qxd4 42. Bxd4 Rxe7 43. Bf6 Rb7 44. Ra3 Rb6 45. Kg3 Kg8 46. Kf2 Kf8 47. Ke3 Ke8 48. Kd4 Kd7 49. Kc5 Rb5+ 50.
Kd4 a5 51. Re3 Kc6 52. f5 gxf5 53. Rg3 Rb2 54. Rg5 Rxa2 55. Rxh5 Rxg2 56. Rh8 Rg4+ 57.
Ke3 d4+ 58. Bxd4 Re4+ 59. Kf3 Rxd4 60. h5 Rh4 61. h6 c3 62. Kg3 Rh1 63. h7 c2 64. Rd8 c1=Q 65. Rd2 Qxd2 66. h8=Q Qe3+ 67. Kg2 Bd5# 0-1

[Event "Early-Titled-Tuesday-Blitz-October-03-2023"]
[Site "Chess.com"]
[Date "2023.10.03"]
[Round "1"]
[White "GKARU"]
[Black "ShiroglanTalibov"]
[Result "0-1"]
[WhiteElo "2489"]
[BlackElo "2887"]
[TimeControl "180+1"]
[EndTime "8:09:34 PDT"]
[Termination "ShiroglanTalibov won on time"]

1. d4 f5 2. Nf3 Nf6 3. g3 g6 4. Bg2 Bg7 5. O-O O-O 6. c4 d6 7.
d5 Na6 8. Nc3 Nc5 9. Rb1 a5 10.
b3 e5 11. dxe6 Bxe6 12. Bb2 h6 13. Nb5 Bf7 14. e3 Qe7 15. Qc2 Nce4 16. Rbd1 g5 17. Rfe1 Bg6 18. Qc1 h5 19. Nc3 h4 20. Nd5 Nxd5 21. cxd5 hxg3 22. hxg3 a4 23. Bxg7 Qxg7 24. Nd4 Rf7 25. Qc4 axb3 26. axb3 Ra2 27. Ra1 Rxf2 28. Ra8+ Kh7 29. Ne6 Qe5 30. Nxg5+ Kg7 31. Ne6+ Kf6 32. Nf4 Rd2 33. Rg8 Bh7 34. Rh8 Kg7 35. Rc8 Nxg3 36. Rxc7 Bg8 37. Rxf7+ Bxf7 38. Qc1 Qb2 39. Qxb2+ Rxb2 40.
Kh2 Ne4 41. Kh3 Rxb3 42. Bxe4 fxe4 43. Kg3 Kf6 44. Kf2 Ke5 45. Rd1 Rb2+ 46. Kg3 Rb3 47. Kf2 Rb5 48. Rd2 Bxd5 49. Ng6+ Kf6 50. Nf4 Ke5 51.
Ng6+ Kf5 52. Nf4 Bc6 53. Rxd6 Rb2+ 54. Ke1 Rb3 55. Kf2 Rb2+ 56. Ke1 Kg4 57. Rh6 Rb1+ 58. Kd2 Rb2+ 59. Kc3 Rb5 60. Kd4 Rg5 61. Rh1 Rb5 62.
Rh2 Kg3 63. Rh3+ Kf2 64. Rh2+ Ke1 65. Kc3 Rc5+ 66. Kd4 Rc1 67. Rb2 Rd1+ 68. Ke5 Rc1 69. Rh2 Rc5+ 70. Kd4 Ra5 71. Rb2 Kd1 72. Rh2 Kc1 73. Kc4 Ra4+ 74. Kc3 Ra3+ 75. Kd4 Kb1 76. Rf2 Ra2 77. Rf1+ Kb2 78. Rf2+ Ka3 79. Rxa2+ Kxa2 80. Ne6 Kb3 81. Nc5+ Kc2 82. Nxe4 Bxe4 83. Kxe4 b5 84. Kd5 b4 85. e4 b3 86. e5 b2 87. e6 b1=Q 88. e7 Qb5+ 89. Kd6 Qe8 0-1

[Event "Early-Titled-Tuesday-Blitz-October-03-2023"]
[Site "Chess.com"]
[Date "2023.10.03"]
[Round "1"]
[White "QuintilianoR"]
[Black "Quattroporte300"]
[Result "0-1"]
[WhiteElo "2668"]
[BlackElo "2394"]
[TimeControl "180+1"]
[EndTime "8:09:53 PDT"]
[Termination "Quattroporte300 won by resignation"]

1. e4 c5 2. Nf3 Nc6 3. d4 cxd4 4. Nxd4 Nf6 5. Nc3 d6 6. g3 g6 7. Bg2 Bg7 8. O-O O-O 9. Nde2 a6 10. Nd5 Rb8 11. a4 b5 12. axb5 axb5 13. h3 Bb7 14. Bg5 e6 15. Nxf6+ Bxf6 16. Bh6 Re8 17. c3 Bg7 18.
Bxg7 Kxg7 19. Nd4 Nxd4 20. Qxd4+ e5 21. Qe3 Qc7 22. Rfd1 Ra8 23. h4 h5 24. Rac1 Rad8 25. Rc2 Qc4 26. Rcd2 Qc7 27. Bf1 Bc6 28. Rd3 Rd7 29.
Bh3 Rdd8 30. Bg2 Rd7 31. Ra1 Ra8 32. Rad1 Rad8 33. Kh2 Qb7 34. R3d2 f5 35. f3 fxe4 36. fxe4 Qc7 37. Qg5 Rf7 38. Re2 Rdf8 39. Qe3 Rf6 40. Red2 R8f7 41. Bh3 Qb7 42. Bg2 Rd7 43. Qe1 Qc7 44.
Rf2 Rdf7 45. Rxf6 Rxf6 46. Rd2 Qb7 47. Re2 Rf7 48. Qd2 Rf6 49. Qe3 Qc7 50. Rd2 Qb7 51. Rd3 Re6 52. Bh3 Rf6 53. Bg2 Qc7 54. Qd2 Re6 55. Re3 Rf6 56. Qe2 Qb7 57. g4 hxg4 58. Qxg4 Qd7 59. Qg5 Rf4 60. Rg3 Qf7 61. h5 Rf6 62.
Qh4 Be8 63. Rh3 gxh5 64. Rg3+ Rg6 65. Qxh5 Rxg3 66. Qxf7+ Kxf7 67. Kxg3 Ke6 68. Kf3 Bg6 69. Ke3 Kd7 70. Bh3+ Kc6 71. b4 Kb6 72. Be6 Kc6 73.
Bd5+ Kc7 74. Kf3 Bh7 75. Kg4 Bg6 76. Kg5 Be8 77. Kf6 Bd7 78. Ke7 Bg4 79. Be6 Bf3 80.
Bd5 Bg2 81. Ke6 Bf3 82. Kf6 Bg2 83. Kg5 Bf3 84. Kh4 Bd1 85. Kg3 Bh5 86. Be6 Be2 87. Kf2 Bh5 88. Ke3 Bg6 89. Bd5 Bh5 90. Kd3 Bf3 91.
c4 bxc4+ 92. Kxc4 Be2+ 93. Kb3 Kb6 94. Ka4 Bb5+ 95. Kb3 Bd3 96. Bc4 Bxe4 97. Kc3 d5 98. Bb3 d4+ 99. Kc4 Bc6 100. Kd3 Kb5 101. Be6 Kxb4 102. Bf5 Kc5 103. Bh7 Bb5+ 104. Ke4 Kd6 105. Bg8 Bc6+ 106. Kd3 Bg2 107. Bc4 Kc5 108. Bg8 e4+ 0-1

[Event "Early-Titled-Tuesday-Blitz-October-03-2023"]
[Site "Chess.com"]
[Date "2023.10.03"]
[Round "2"]
[White "Diaschess88"]
[Black "ViktoriyaTarasova"]
[Result "1-0"]
[WhiteElo "2708"]
[BlackElo "2383"]
[TimeControl "180+1"]
[EndTime "8:12:14 PDT"]
[Termination "Diaschess88 won by resignation"]

1. e4 e5 2. Nf3 Nc6 3. Bb5 Nf6 4. O-O Nxe4 5. Re1 Nd6 6. Nxe5 Be7 7. Bf1 Nxe5 8.
Rxe5 O-O 9. d4 Bf6 10. Re1 Nf5 11. c3 d5 12. Bf4 c6 13. Nd2 Re8 14. Qc2 Nh4 15. Bd3 Ng6 16. Bc7 Rxe1+ 17. Rxe1 Qxc7 18.
Re8+ Nf8 19. Bxh7+ 1-0

[Event "Early-Titled-Tuesday-Blitz-October-03-2023"]
[Site "Chess.com"]
[Date "2023.10.03"]
[Round "2"]
[White "becemix"]
[Black "Al_Shima"]
[Result "0-1"]
[WhiteElo "2506"]
[BlackElo "2351"]
[TimeControl "180+1"]
[EndTime "8:12:37 PDT"]
[Termination "Al_Shima won by checkmate"]

1. e4 d5 2. exd5 Nf6 3. Nf3 Nxd5 4. Be2 Nf4 5. O-O Nxe2+ 6. Qxe2 c6 7. h3 Bf5 8. d3 e6 9. Bf4 Bd6 10. Bxd6 Qxd6 11.
Nbd2 Nd7 12. Nc4 Qc7 13. Nd4 Bg6 14. f4 O-O 15. f5 exf5 16. Nxf5 Rfe8 17. Qf2 Nf6 18.
Nxg7 Ng4 19. Nxe8 Qh2# 0-1

[Event "Early-Titled-Tuesday-Blitz-October-03-2023"]
[Site "Chess.com"]
[Date "2023.10.03"]
[Round "2"]
[White "vladislavkovalev"]
[Black "FERNANDEZL1983"]
[Result "1-0"]
[WhiteElo "2867"]
[BlackElo "2597"]
[TimeControl "180+1"]
[EndTime "8:12:46 PDT"]
[Termination "vladislavkovalev won by resignation"]

1. e4 c5 2. Nf3 a6 3. c4 d6 4. d4 cxd4 5. Nxd4 Nf6 6. Nc3 e6 7.
Be3 Be7 8. Qd2 Ng4 9. Be2 Nxe3 10. Qxe3 O-O 11. O-O b6 12. Rad1 Bb7 13. f4 Nd7 14.
Kh1 Rc8 15. b3 Qc7 16. f5 e5 17. Nc2 b5 18. Nb4 Nf6 19. Nbd5 Bxd5 20. Nxd5 Nxd5 21. Rxd5 bxc4 22. Bxc4 a5 23. f6 Bxf6 24. Rxf6 gxf6 25. Qh6 Qe7 26. Rd3 1-0

[Event "Early-Titled-Tuesday-Blitz-October-03-2023"]
[Site "Chess.com"]
[Date "2023.10.03"]
[Round "2"]
[White "dodoucb"]
[Black "Zainullina_Nataliya"]
[Result "1-0"]
[WhiteElo "2445"]
[BlackElo "2154"]
[TimeControl "180+1"]
[EndTime "8:12:47 PDT"]
[Termination "dodoucb won by resignation"]

1. d4 Nf6 2. Nf3 g6 3. c4 Bg7 4. Nc3 d6 5. e4 Nbd7 6. Be2 e5 7. O-O O-O 8. Be3 c6 9. dxe5 dxe5 10. h3 Qc7 11. Qc2 Re8 12. Rfd1 Nh5 13. Nd2 Nf4 14. Bf1 Nb6 15. c5 Nd7 16. Nc4 Nf6 17. Nd6 Rf8 18. Ne2 Nxe2+ 19. Bxe2 Be6 20. b4 a5 21. a3 b6 22. cxb6 Qb8 23. Qxc6 axb4 24. axb4 Rxa1 25.
Rxa1 Bd7 26. Qc7 Qxc7 27. bxc7 Bc8 28. Ra8 Bd7 1-0

[Event "Early-Titled-Tuesday-Blitz-October-03-2023"]
[Site "Chess.com"]
[Date "2023.10.03"]
[Round "2"]
[White "Doomfist26"]
[Black "Vladimir_Zakhartsov"]
[Result "0-1"]
[WhiteElo "2578"]
[BlackElo "2830"]
[TimeControl "180+1"]
[EndTime "8:13:05 PDT"]
[Termination "Vladimir_Zakhartsov won by resignation"]

1. e4 c5 2. Nf3 d6 3. Bb5+ Bd7 4. Bxd7+ Nxd7 5. O-O e6 6. c3 Ngf6 7. Re1 Be7 8. d4 O-O 9. e5 Nd5 10. dxc5 Nxc5 11. Na3 dxe5 12. Nxe5 a6 13. Nc2 Qc7 14.
Qg4 Bd6 15. Nf3 Nd3 16. Bh6 f5 17. Qg5 Nxe1 18. Rxe1 Bf4 0-1

[Event "Early-Titled-Tuesday-Blitz-October-03-2023"]
[Site "Chess.com"]
[Date "2023.10.03"]
[Round "2"]
[White "Der_Balak_3Halak"]
[Black "Djager97"]
[Result "0-1"]
[WhiteElo "2347"]
[BlackElo "2578"]
[TimeControl "180+1"]
[EndTime "8:13:10 PDT"]
[Termination "Djager97 won by resignation"]

1. e4 e5 2. Nf3 Nc6 3. Bb5 a6 4. Bxc6 dxc6 5. O-O Bd6 6. d4 exd4 7. Qxd4 f6 8. Be3 Ne7 9. Nbd2 Be6 10. Rad1 Ng6 11. Nc4 Bxc4 12. Qxc4 Qe7 13. Rfe1 O-O-O 14. Nd4 Qxe4 15.
Bh6 Qh4 16. Bxg7 Qxh2+ 17. Kf1 Nf4 0-1

[Event "Early-Titled-Tuesday-Blitz-October-03-2023"]
[Site "Chess.com"]
[Date "2023.10.03"]
[Round "2"]
[White "deribas12345"]
[Black "Arystanner"]
[Result "0-1"]
[WhiteElo "2574"]
[BlackElo "2828"]
[TimeControl "180+1"]
[EndTime "8:13:11 PDT"]
[Termination "Arystanner won by resignation"]

1. d4 d5 2. c4 e6 3. Nc3 Nf6 4.
cxd5 exd5 5. Bg5 c6 6. e3 Bd6 7.
Bd3 O-O 8. Qc2 h6 9. Bh4 Re8 10. Nge2 Nbd7 11. h3 Nf8 12. g4 b5 13. a3 a5 14. Rg1 Bd7 15. g5 Nh5 16. Bf5 Bxf5 17. Qxf5 Ng6 18. gxh6 Qxh4 19. h7+ Kxh7 20. Qxf7 Qf6 21.
Qd7 b4 0-1

[Event "Early-Titled-Tuesday-Blitz-October-03-2023"]
[Site "Chess.com"]
[Date "2023.10.03"]
[Round "2"]
[White "KVAIDAN"]
[Black "wannabe2700"]
[Result "0-1"]
[WhiteElo "2262"]
[BlackElo "2679"]
[TimeControl "180+1"]
[EndTime "8:13:20 PDT"]
[Termination "wannabe2700 won by resignation"]

1. f4 d5 2. Nf3 g6 3. e3 Bg7 4.
Be2 Nf6 5. O-O O-O 6. d3 c5 7.
Kh1 Nc6 8. a4 Qc7 9. Nc3 a6 10.
e4 dxe4 11. dxe4 Rd8 12. Qe1 Nd4 13. Bd1 b6 14. Qh4 Bb7 15. e5 Nxf3 16. Bxf3 Bxf3 17. exf6 Bxf6 18. Qe1 Bb7 19. Ne4 Bg7 20. c3 Qc6 21. a5 b5 22. Bd2 Qxe4 23. Qxe4 Bxe4 24. Be3 c4 25. Rf2 Rd3 26. Re1 Rad8 27. Kg1 Rd1 28. Re2 Bc2 29. Kf2 Rxe1 30. Rxe1 Rd1 31. Re2 Bd3 32. Rd2 Rxd2+ 33. Bxd2 e5 34. Ke3 exf4+ 35. Kxf4 Bh6+ 0-1

[Event "Early-Titled-Tuesday-Blitz-October-03-2023"]
[Site "Chess.com"]
[Date "2023.10.03"]
[Round "2"]
[White "BardArtem"]
[Black "spotbet"]
[Result "1-0"]
[WhiteElo "2774"]
[BlackElo "2436"]
[TimeControl "180+1"]
[EndTime "8:13:24 PDT"]
[Termination "BardArtem won by resignation"]

1. e4 e6 2. d4 d5 3. Nc3 Bb4 4. Ne2 dxe4 5. a3 Be7 6. Nxe4 b6 7.
Nf4 Bb7 8. Qf3 Qc8 9. Bb5+ Nd7 10. Nh5 Nf6 11. Nexf6+ gxf6 12. Nxf6+ Bxf6 13. Qxf6 Rg8 14. Bg5 Kf8 15. Qe7+ 1-0

[Event "Early-Titled-Tuesday-Blitz-October-03-2023"]
[Site "Chess.com"]
[Date "2023.10.03"]
[Round "2"]
[White "chesslh19"]
[Black "Predator0608"]
[Result "1/2-1/2"]
[WhiteElo "2322"]
[BlackElo "2504"]
[TimeControl "180+1"]
[EndTime "8:13:29 PDT"]
[Termination "Game drawn by agreement"]

1. e4 c5 2. Nf3 d6 3. d4 cxd4 4. Nxd4 Nf6 5. Nc3 a6 6. Be2 e5 7. Nb3 Be7 8. O-O O-O 9. Be3 Be6 10. Qd2 Nbd7 11. a4 Rc8 12. a5 Nc5 13. Nxc5 dxc5 14. Rfd1 Qe8 15. Qe1 Qc6 16. f3 Rfd8 17. Na4 Rxd1 18.
Qxd1 Rd8 19. Qe1 c4 20. c3 Kf8 21. Nb6 Bc5 22. Qf2 Bxe3 23. Qxe3 Nd7 24. Rd1 Ke8 1/2-1/2

[Event "Early-Titled-Tuesday-Blitz-October-03-2023"]
[Site "Chess.com"]
[Date "2023.10.03"]
[Round "2"]
[White "BlueWizzard"]
[Black "DanielTitichoca"]
[Result "1-0"]
[WhiteElo "2954"]
[BlackElo "2617"]
[TimeControl "180+1"]
[EndTime "8:13:35 PDT"]
[Termination "BlueWizzard won by resignation"]

1. d4 Nf6 2. Nc3 d5 3. Bg5 Nbd7 4. Nf3 g6 5. Qd3 Bg7 6. e4 dxe4 7. Nxe4 O-O 8. O-O-O Re8 9. h4 Nxe4 10. Qxe4 c5 11. Bc4 Qa5 12. h5 Nb6 13. Bxf7+ Kxf7 14. hxg6+ hxg6 15. Ne5+ Bxe5 16. Qxe5 1-0

[Event "Early-Titled-Tuesday-Blitz-October-03-2023"]
[Site "Chess.com"]
[Date "2023.10.03"]
[Round "2"]
[White "Herman-NY"]
[Black "ajedrez-facil"]
[Result "1-0"]
[WhiteElo "2506"]
[BlackElo "2276"]
[TimeControl "180+1"]
[EndTime "8:13:36 PDT"]
[Termination "Herman-NY won by resignation"]

1. e4 c5 2. Nf3 d6 3. d4 cxd4 4. Nxd4 Nf6 5. Nc3 g6 6. Be3 Bg7 7. f3 O-O 8. Qd2 Nc6 9. Nb3 Be6 10. O-O-O a6 11. Kb1 Qc7 12. Bh6 Ne5 13. h4 Rfc8 14.
Bxg7 Kxg7 15. h5 b5 16. hxg6 fxg6 17. Nd4 Bc4 18. Nd5 Bxd5 19. exd5 h5 20. Ne6+ 1-0

[Event "Early-Titled-Tuesday-Blitz-October-03-2023"]
[Site "Chess.com"]
[Date "2023.10.03"]
[Round "2"]
[White "ariosp"]
[Black "Triumphmate"]
[Result "0-1"]
[WhiteElo "2229"]
[BlackElo "2478"]
[TimeControl "180+1"]
[EndTime "8:13:54 PDT"]
[Termination "Triumphmate won by resignation"]

1. e4 d5 2. exd5 Nf6 3. d4 Bg4 4. Be2 Bxe2 5. Nxe2 Qxd5 6. O-O Nc6 7. b3 O-O-O 8. c4 Qh5 9. Bb2 e6 10. Ng3 Qh4 11. d5 Ng4 12. h3 Nxf2 13. Rxf2 Qxg3 14.
Rxf7 Bc5+ 15. Kh1 Bd6 16. Kg1 Rhf8 0-1

[Event "Early-Titled-Tuesday-Blitz-October-03-2023"]
[Site "Chess.com"]
[Date "2023.10.03"]
[Round "2"]
[White "gtnamfrq"]
[Black "louis198"]
[Result "1-0"]
[WhiteElo "2423"]
[BlackElo "2630"]
[TimeControl "180+1"]
[EndTime "8:13:55 PDT"]
[Termination "gtnamfrq won by resignation"]

1. e4 e6 2. d4 d5 3. Nc3 Bb4 4. Ne2 dxe4 5. a3 Bxc3+ 6. Nxc3 Nc6 7. d5 exd5 8. Qxd5 Be6 9. Qxe4 Nf6 10. Qh4 Qe7 11.
Be2 O-O-O 12. O-O Nd4 13. Bd3 h6 14. Be3 Nf5 15. Bxf5 Bxf5 16. Bxa7 Bxc2 17. Rfc1 Bb3 18. Nb5 c6 19. Qg3 Kd7 20. Qxb3 Ke8 21. Re1 1-0

[Event "Early-Titled-Tuesday-Blitz-October-03-2023"]
[Site "Chess.com"]
[Date "2023.10.03"]
[Round "2"]
[White "ChampStan"]
[Black "Defenstrator"]
[Result "0-1"]
[WhiteElo "2118"]
[BlackElo "2434"]
[TimeControl "180+1"]
[EndTime "8:14:02 PDT"]
[Termination "Defenstrator won by resignation"]

1. e4 f5 2. exf5 Nf6 3. d4 d5 4. Nf3 Bxf5 5. Bd3 e6 6. Bxf5 exf5 7. O-O Bd6 8. Re1+ Ne4 9. Nfd2 O-O 10. f3 Qh4 11. h3 Qf2+ 12. Kh1 Qg3 13. Kg1 Qh2+ 14. Kf1 Qh1+ 15. Ke2 Qxg2+ 16. Kd3 Nf2+ 0-1

[Event "Early-Titled-Tuesday-Blitz-October-03-2023"]
[Site "Chess.com"]
[Date "2023.10.03"]
[Round "2"]
[White "guillembaches"]
[Black "Zampronha1971"]
[Result "1-0"]
[WhiteElo "2512"]
[BlackElo "2304"]
[TimeControl "180+1"]
[EndTime "8:14:07 PDT"]
[Termination "guillembaches won by resignation"]

1. d4 Nf6 2. Nf3 e6 3. Bg5 c5 4. e3 b6 5. Nbd2 Bb7 6. Bd3 Be7 7. c3 O-O 8. Qe2 d5 9. h4 Ne4 10. Bf4 Nc6 11. Nxe4 dxe4 12. Bxe4 cxd4 13. exd4 Rc8 14.
Ne5 Nxe5 15. Bxb7 Ng6 16. Bxc8 Nxf4 17. Qf3 Nxg2+ 18. Qxg2 Qxc8 19. h5 h6 20. Qe4 b5 21.
a3 a5 22. Kf1 b4 23. axb4 axb4 24. Rh3 bxc3 25. bxc3 e5 26. Kg2 exd4 27. Qxe7 Qg4+ 28.
Rg3 Qe4+ 29. Qxe4 1-0

[Event "Early-Titled-Tuesday-Blitz-October-03-2023"]
[Site "Chess.com"]
[Date "2023.10.03"]
[Round "2"]
[White "CarlosjPineror"]
[Black "RamonManon0g"]
[Result "1-0"]
[WhiteElo "2505"]
[BlackElo "2269"]
[TimeControl "180+1"]
[EndTime "8:14:12 PDT"]
[Termination "CarlosjPineror won by resignation"]

1. e4 c5 2. Nf3 d6 3. d4 cxd4 4.
Nxd4 Nf6 5. Nc3 a6 6. Bg5 e6 7. f4 Be7 8. Qe2 Qc7 9. O-O-O Nbd7 10. g4 O-O 11. Bg2 Nc5 12. Kb1 Bd7 13. e5 dxe5 14.
fxe5 Na4 15. Nxa4 Bxa4 16. exf6 gxf6 17. Bh6 Rfd8 18. b3 Be8 19. Be4 a5 20. Qf3 a4 21.
Qh3 Qe5 22. Bxh7+ Kh8 23. Bd3 1-0

[Event "Early-Titled-Tuesday-Blitz-October-03-2023"]
[Site "Chess.com"]
[Date "2023.10.03"]
[Round "2"]
[White "MikaelyanArman"]
[Black "NovozhilovSemen"]
[Result "1-0"]
[WhiteElo "2850"]
[BlackElo "2583"]
[TimeControl "180+1"]
[EndTime "8:14:16 PDT"]
[Termination "MikaelyanArman won by resignation"]

1. d4 Nf6 2. Nf3 e6 3. g3 c5 4. c4 cxd4 5. Nxd4 d5 6. Bg2 e5 7. Nf3 d4 8. O-O Nc6 9. e3 Be7 10. exd4 exd4 11. Bf4 O-O 12. Ne5 Qb6 13. Qb3 Na5 14.
Qxb6 axb6 15. Nd2 Rd8 16. a3 Bd6 17. b4 Bxe5 18. Bxe5 Nc6 19. Bc7 Re8 20. Bxb6 d3 21. b5 Ne5 22. Rfe1 Bg4 23. Bd4 Be2 24. Bxb7 Rad8 25.
Bxe5 Rxe5 26. a4 Nd7 27. a5 Nc5 28. a6 h5 29. Bc6 1-0